 Dungeon Crawl Stone Soup version 0.30-a0-422-g946f4849ff (webtiles) character file.

Game seed: 9628642883774168974

3493 IdlyInterested the Geomancer (level 9, -7/108 HPs)
             Began as a Demonspawn Wanderer on Dec 7, 2022.
             Mangled by an orc warlord
             ... wielding a +6 broad axe
              (32 damage)
             ... in a bailey on Dec 8, 2022.
             The game lasted 00:32:44 (6848 turns).

IdlyInterested the Geomancer (Demonspawn Wanderer)  Turns: 6848, Time: 00:32:45

Health: -7/108     AC:  8    Str:  9    XL:     9   Next: 80%
Magic:  24/24      EV: 10    Int: 23    God:
Gold:   357        SH:  7    Dex: 11    Spells: 15/16 levels left

rFire   . . .      SeeInvis .    I - +6 war axe "Biafor" {spect, rPois}
rCold   . . .      Faith    .    d - +0 buckler
rNeg    . . .      Spirit   .    j - +0 acid dragon scales
rPois   +          Reflect  .    N - +0 helmet
rElec   .          Harm     .    k - scarf {shadows}
rCorr   +          Rampage  .    (no gloves)
Will    .....                    q - +0 pair of boots
Stlth   ..........               (no amulet)
HPRegen 0.38/turn                z - ring of magical power
MPRegen 0.19/turn                (no ring)

@: berserking, very quick
A: claws 1, large bone plates 1, foul stench 1, powered by death 1
a: no special abilities


You were in a bailey.
You visited 2 branches of the dungeon, and saw 8 of its levels.
You also visited: Bailey.

You collected 357 gold pieces.

Inventory:

Hand Weapons
 p - a +2 long sword of freezing
 A - a +0 war axe of electrocution
 B - a +0 long sword
 D - the +8 short sword of Massacring {spect, rElec Int-2 Dex+3 SInv}
   (You found it on level 5 of the Dungeon)

   When its wielder attacks, the weapon's spirit leaps out and strikes again.
   The spirit shares a part of any damage it takes with its wielder.
   Int:       It affects your intelligence (-2).
   Dex:       It affects your dexterity (+3).
   rElec:     It insulates you from electricity.
   SInv:      It lets you see invisible.
 G - a +2 falchion of venom
 H - a +2 spear of freezing
 I - the +6 war axe "Biafor" (weapon) {spect, rPois}
   (You found it on level 5 of the Dungeon)

   When its wielder attacks, the weapon's spirit leaps out and strikes again.
   The spirit shares a part of any damage it takes with its wielder.
   rPois:     It protects you from poison.
 M - a +0 war axe
Missiles
 g - 48 stones
 l - 8 poisoned darts
Armour
 a - a +2 leather armour of fire resistance
 d - a +0 buckler (worn)
 h - an orb of light
 j - +0 acid dragon scales (worn)
 k - a scarf of shadows (worn)
 q - a +0 pair of boots (worn)
 r - a +2 robe of willpower
 t - a +0 kite shield
 N - a +0 helmet (worn)
Jewellery
 m - a ring of fire
 z - a ring of magical power (left claw)
Wands
 s - a wand of quicksilver (12)
 u - a wand of polymorph (5)
 x - a wand of charming (8)
Scrolls
 b - 2 scrolls of teleportation
 f - 2 scrolls of enchant weapon
 y - a scroll of summoning
 C - a scroll of blinking {unknown}
 J - a scroll of butterflies {unknown}
Potions
 c - 2 potions of brilliance
 e - 2 potions of flight
 i - 2 potions of lignification
 n - a potion of attraction
 o - 4 potions of curing
 v - 2 potions of resistance {unknown}
 w - 2 potions of might
 F - 2 potions of haste {unknown}
 K - a potion of magic {unknown}
 L - 4 potions of heal wounds
 O - a potion of cancellation {unknown}


   Skills:
 * Level 7.0 Fighting
 - Level 1.0 Throwing
 - Level 1.0 Armour
 - Level 1.0 Dodging
 - Level 4.0 Stealth
 - Level 1.0 Shields
 - Level 4.0 Spellcasting
 - Level 10.0 Earth Magic
 * Level 3.5 Evocations


You had 15 spell levels left.
You knew the following spells:

 Your Spells              Type           Power      Damage    Failure   Level
a - Sandblast             Erth           100%       2d20      1%          1

Your spell library contained the following spells:

 Spells                   Type           Power      Damage    Failure   Level
 Beastly Appendage        Tmut           8%         N/A       24%         1
 Magic Dart               Conj           16%        1d3       24%         1
 Sting                    Tmut/Pois      16%        1d3       24%         1
 Animate Armour           Summ/Erth      54%        N/A       30%         4
 Petrify                  Tmut/Erth      27%        N/A       30%         4
 Call Imp                 Summ           4%         N/A       34%         2
 Cigotuvi's Dreadful Rot  Necr/Pois/Air  8%         N/A       34%         2
 Poisonous Vapours        Pois/Air       8%         N/A       34%         2
 Wereblood                Tmut           4%         N/A       34%         2
 Ignite Poison            Fire/Tmut/Pois 4%         N/A       56%         3
 Mephitic Cloud           Conj/Pois/Air  4%         N/A       56%         3
 Spider Form              Tmut/Pois      4%         N/A       56%         3


Dungeon Overview and Level Annotations

Branches:
Dungeon (7/15)             Temple (1/1) D:4          Bailey (1/1)

Altars:
Ashenzari
Dithmenos
Gozag
Hepliaklqana
Kikubaaqudgha
Makhleb
Nemelex Xobeh
Okawaru
Qazlal
Ru
Sif Muna
Trog
Vehumet
Wu Jian
Xom

Shops:
D:3 =(   D:4 !


Innate Abilities, Weirdness & Mutations

You have sharp fingernails.
You are partially covered in large bone plates. (SH +4)
You may rarely emit foul miasma when damaged in melee.
You regenerate a little health from kills.


Message History

Press: ? - help, Shift-Dir - straight line, f - orc warlord, p - gnoll
Aim: an orc warlord, wielding a +6 broad axe and wearing a +0 plate armour (lightly wounded, will become a sea snake, a fenstrider witch, or a quicksilver ooze, chance to affect: 24%)
Okay, then.
Aiming: Quicksilver Bolt
Press: ? - help, Shift-Dir - straight line, f - orc warrior, p - gnoll
Aim: an orc warrior, wielding a +0 war axe and wearing a +0 plate armour (lightly wounded, strong, 74% to hit)
The bolt of dispelling energy hits the orc warlord!!
The orc warlord is moderately wounded.
The bolt of dispelling energy hits the orc warrior!
The orc warrior is moderately wounded.
The orc warrior's magical effects unravel!
You hit the orc warlord but do no damage.
The orc warlord is moderately wounded.
Your +6 war axe "Biafor" {spect, rPois} hits the orc warlord but does no damage.
The orc warlord roars a battlecry!
The orc warrior goes into a battle-frenzy!
You hit the orc warlord but do no damage.
The orc warlord is moderately wounded.
Your +6 war axe "Biafor" {spect, rPois} hits the orc warlord!
The orc warlord hits you with a +6 broad axe!
The orc warlord hits your +6 war axe "Biafor" {spect, rPois} with a +6 broad axe!
Your spectral weapon shares its damage with you!
You hit the orc warlord but do no damage.
The orc warlord is moderately wounded.
You closely miss the orc warrior.
Your +6 war axe "Biafor" {spect, rPois} barely misses the orc warrior.
You block the orc warrior's attack.
The orc warrior hits your +6 war axe "Biafor" {spect, rPois} with a +0 war axe!
Your spectral weapon shares its damage with you!
The orc warlord hits you with a +6 broad axe!!
* * * LOW HITPOINT WARNING * * *
The orc warrior hits you but does no damage.
The orc warrior closely misses your +6 war axe "Biafor" {spect, rPois}.
The orc warlord closely misses you.
A red film seems to cover your vision as you go berserk!
You feel yourself moving faster!
You feel mighty!
The orc warrior hits you with a +0 war axe.
* * * LOW HITPOINT WARNING * * *
The orc warlord hits you with a +6 broad axe!!
You die...

##'#### ####'##
##)....##.........##.).))##
#..).)).#.........#....)..#
##..)....##...)...##......)##
#.........# ...). #.........#
##.........## .o. ##.........##
#.....⌠.....###g###.....⌠.....#
##.........##88o88##.........##
#.........#..§@o..#.........#
##.......##.......##.......##
#.......')).......+.......#
##.....##)).......##.....##
#######.)...⌠.....#######
##.........## #.........#
##.......## #.......#


You could see an orc warlord, 2 orc warriors and a gnoll.

Vanquished Creatures
  The ghost of bande the Chopper, a novice GrFi of Okawaru (D:5)
  An acid dragon (D:6)
  Edmund (D:6)
  A water moccasin (D:6)
  8 orc warriors (Bailey)
  2 black bears (D:5)
  An ogre (D:5)
  3 centaurs
  2 phantoms (D:6)
  A bullfrog (D:7)
  3 necrophages (D:5)
  3 scorpions
  A wight (D:5)
  A water moccasin zombie (D:5)
  2 howler monkeys
  A bullfrog zombie (D:5)
  4 hounds
  A human zombie (D:5)
  2 jellies
  2 orc priests (D:5)
  Jessica (D:3)
  An iguana (D:6)
  An orc wizard (D:7)
  2 hound zombies (D:5)
  A mummy (D:5)
  2 howler monkey zombies (D:5)
  Robin (D:3)
  9 gnolls
  12 adders
  A shadow imp (D:5)
  A white imp (D:4)
  An ufetubus (D:4)
  A worm (D:2)
  A dart slug (D:2)
  18 orcs
  5 bats
  6 endoplasms
  2 giant cockroaches (D:2)
  21 goblins
  17 hobgoblins
  11 jackals
  2 quokkas
  4 ball pythons
  3 frilled lizards
  8 kobolds
  5 rats
178 creatures vanquished.

Vanquished Creatures (collateral kills)
  3 hobgoblins (Bailey)
3 creatures vanquished.

Vanquished Creatures (others)
  An orc warrior (Bailey)
  An orc (Bailey)
2 creatures vanquished.

Grand Total: 183 creatures vanquished

Notes
Turn   | Place    | Note
-------+----------+-------------------------------------------
     0 | D:1      | IdlyInterested the Demonspawn Wanderer began the quest for
                  | the Orb.
     0 | D:1      | IdlyInterested set off with the following items: a +0
                  | dagger, a scroll of teleportation, a +0 robe, a +0 buckler;
                  | and the following spells available to memorise: Sandblast,
                  | Sting, Ignite Poison, Animate Armour, Petrify.
     0 | D:1      | Reached XP level 1. HP: 13/13 MP: 5/5
     2 | D:1      | Learned a level 1 spell: Sandblast
   110 | D:1      | Reached skill level 2 in Earth Magic
   111 | D:1      | Reached skill level 1 in Fighting
   220 | D:1      | Gained mutation: You may rarely emit foul miasma when
                  | damaged in melee. [demonic ancestry]
   220 | D:1      | Reached XP level 2. HP: 12/21 MP: 2/7
   536 | D:1      | Upgraded the game from 0.30-a0-414-gcb316572d5 to
                  | 0.30-a0-422-g946f4849ff
  1245 | D:2      | Reached XP level 3. HP: 26/26 MP: 6/8
  1529 | D:2      | Reached skill level 3 in Earth Magic
  1883 | D:3      | Reached XP level 4. HP: 33/33 MP: 5/10
  2065 | D:3      | Noticed Jessica
  2079 | D:3      | Killed Jessica
  2140 | D:3      | Found Goklocru's Weapon Emporium.
  2191 | D:3      | Found Xoodaor's Jewellery Emporium.
  2275 | D:3      | Noticed Robin
  2287 | D:3      | Killed Robin
  2510 | D:3      | Reached XP level 5. HP: 38/38 MP: 9/11
  2632 | D:3      | Reached skill level 4 in Earth Magic
  2937 | D:4      | Noticed a centaur
  2940 | D:4      | Killed a centaur
  3191 | D:4      | Reached skill level 1 in Stealth
  3191 | D:4      | Reached skill level 5 in Earth Magic
  3191 | D:4      | Reached XP level 6. HP: 22/44 MP: 10/12
  3729 | D:4      | Found Utwionan's Distillery.
  3763 | D:4      | Found a staircase to the Ecumenical Temple.
  3769 | Temple   | Entered the Ecumenical Temple
  4283 | D:5      | Entered Level 5 of the Dungeon
  4564 | D:5      | Found a burning altar of Makhleb.
  4674 | D:5      | Reached skill level 6 in Earth Magic
  4674 | D:5      | Gained mutation: You are partially covered in large bone
                  | plates. (SH +4) [demonic ancestry]
  4674 | D:5      | Reached XP level 7. HP: 51/51 MP: 13/13
  4709 | D:5      | Identified the +8 short sword of Massacring {spect, rElec
                  | Int-2 Dex+3 SInv}
  4898 | D:5      | Reached skill level 7 in Earth Magic
  5219 | D:5      | Gained mutation: You regenerate a little health from kills.
                  | [demonic ancestry]
  5219 | D:5      | Reached XP level 8. HP: 58/58 MP: 14/14
  5232 | D:5      | Reached skill level 8 in Earth Magic
  5246 | D:5      | Reached skill level 1 in Throwing
  5255 | D:5      | Found an ancient bone altar of Kikubaaqudgha.
  5326 | D:5      | Identified the +6 war axe "Biafor" {spect, rPois}
  5365 | D:5      | Found a runed translucent gate.
  5365 | D:5      | Found a runed translucent gate.
  5365 | D:5      | Found a runed translucent gate.
  5368 | D:5      | Noticed bande's ghost (novice GrFi)
  5394 | D:5      | Killed bande's ghost
  5395 | D:5      | Reached skill level 9 in Earth Magic
  5673 | D:6      | Noticed Edmund
  5679 | D:6      | Killed Edmund
  5680 | D:6      | Gained mutation: You have sharp fingernails. [demonic
                  | ancestry]
  5680 | D:6      | Reached XP level 9. HP: 55/65 MP: 15/15
  5907 | D:6      | Reached skill level 10 in Earth Magic
  5935 | D:6      | Found a hazy altar of Hepliaklqana.
  6282 | D:7      | Found a stormy altar of Qazlal.
  6333 | D:7      | Reached skill level 5 in Fighting
  6372 | D:7      | Found a sacrificial altar of Ru.
  6411 | D:7      | Found a flagged portal.
  6419 | Bailey   | Entered a bailey
  6833 | Bailey   | Noticed an orc warlord
  6848 | Bailey   | Mangled by an orc warlord

Illustrated notes

Levels and vault maps discovered:
D:1:      onia_arrival_handbag, layout_basic, solitary_fountain
D:2:      layout_rooms, serial_bayou_pond_e, minmay_ruptured
D:3:      layout_basic, serial_shops, shop, nicolae_shop_bloodbath_and_beyond,
          st_stairs_3, serial_park_tiny_pond, minmay_door_square,
          minmay_misc_feat_tower, uniq_jessica, uniq_robin
D:4:      layout_loops_cross, zin_scriptorium,
          minmay_temple_entry_enclosed_plants, serial_shops,
          nicolae_shop_statue_plus
D:5:      layout_basic, lemuel_mausoleum_altar_kikubaaqudgha,
          mainiacjoe_overflow_24_doors, mainiacjoe_overflow_cross_hatched,
          biasface_ghost_orc_armoury
D:6:      layout_gridville, mainiacjoe_overflow_boulevard, bh_walls_and_bars,
          uniq_edmund
D:7:      layout_basic, grunt_qazlal_clouds, kennysheep_little_box,
          nicolae_ru_sacrificial_ziggurat, mainiacjoe_overflow_paths,
          enter_bailey_2
Temple:   grunt_temple_mini_profane
Bailey:   bailey_axe_minmay_hex_keep, bailey

Skill      XL: |  1  2  3  4  5  6  7  8  9 |
---------------+----------------------------+-----
Earth Magic    | 2 3 5 6 7 9 10 | 10.0
Fighting       | 1 2 3 4 7 |  7.0
Evocations     | 2 3 |  3.5
Stealth        | 1 2 4 |  4.0
Throwing       | 1 |  1.0
Armour         | |  1.0
Dodging        | |  1.0
Shields        | |  1.0
Spellcasting   | |  4.0

Action                   |  1- 3 |  4- 6 |  7- 9 || total
-------------------------+-------+-------+-------++-------
Melee: Dagger            |    14 |       |       ||    14
       Short sword       |     1 |       |    45 ||    46
       Long sword        |       |    17 |     1 ||    18
       War axe           |       |       |    73 ||    73
 Cast: Sandblast         |    47 |    69 |    60 ||   176
Evoke: Wand              |       |       |     4 ||     4
  Use: Scroll            |     6 |     6 |     3 ||    15
       Potion            |       |     1 |     2 ||     3
 Stab: Sleeping          |     2 |       |     2 ||     4
       Distracted        |       |       |     3 ||     3
Armor: Robe              |     2 |     4 |    16 ||    22
       Acid dragon scale |       |       |     7 ||     7
Dodge: Dodged            |    13 |    23 |    50 ||    86
Block: Buckler           |     7 |     9 |    36 ||    52

Table legend: (Time is in decaauts)
 A = Elapsed time spent in this place.
 B = Non-inter-level travel time spent in this place.
 C = Inter-level travel time spent in this place.
 D = Time resting spent in this place.
 E = Time spent auto-exploring this place.
 F = Levels seen in this place.
 G = Mean time per level.
                   A        B        C        D        E       F      G
               +--------+--------+--------+--------+--------+-----+--------+
         Total |   6987 |   6060 |    927 |    899 |   3499 |   9 |  776.3 |
       Dungeon |   6329 |   5428 |    901 |    751 |   3322 |   7 |  904.1 |
        Temple |    196 |    170 |     26 |      0 |    168 |   1 |  196.0 |
        Bailey |    461 |    461 |      0 |    148 |      9 |   1 |  461.0 |
               +--------+--------+--------+--------+--------+-----+--------+

Top non-repeatable levels by time:
     D:3: 1374 daAuts
     D:4: 1236 daAuts
     D:1: 1072 daAuts
     D:5: 1070 daAuts
     D:6: 733 daAuts
     D:2: 670 daAuts
  Bailey: 461 daAuts
  Temple: 196 daAuts
     D:7: 171 daAuts
